 Dungeon Crawl Stone Soup version 0.29-a0-334-gb41bcbb86e (webtiles) character file.

Game seed: 2928579334611278321

68 Jortsu the Ducker (level 4, 44/44 HPs)
             Began as a Troll Fighter on Apr 15, 2022.
             Was a Follower of Vehumet.
             Quit the game on level 2 of the Dungeon.
             The game lasted 00:02:37 (1255 turns).

Jortsu the Ducker (Troll Fighter)                   Turns: 1255, Time: 00:02:38

Health: 44/44      AC:  4    Str: 24    XL:     4   Next: 1%
Magic:  3/3        EV:  9    Int:  4    God:    Vehumet [*.....]
Gold:   129        SH:  7    Dex: 11    Spells: 3/3 levels left

rFire   . . .      SeeInvis .   a - +0 flail
rCold   . . .      Faith    .   c - +0 kite shield
rNeg    . . .      Spirit   .   b - +0 robe
rPois   .          Reflect  .   (helmet restricted)
rElec   .          Harm     .   (no cloak)
rCorr   .          Rampage  .   (gloves unavailable)
Will    .....                   (boots unavailable)
Stlth   +.........              g - amulet of the acrobat
HPRegen 0.94/turn               (no ring)
MPRegen 0.08/turn               (no ring)

@: weak-willed
A: large, unfitting armour, claws 3, regeneration 1, shaggy fur 1, tough skin 1
a: Renounce Religion


You were on level 2 of the Dungeon.
You worshipped Vehumet.
Vehumet was aware of your devotion.
You visited 1 branch of the dungeon, and saw 2 of its levels.

You collected 129 gold pieces.

Inventory:

Hand Weapons
 a - a +0 flail (weapon)
Armour
 b - a +0 robe (worn)
 c - a +0 kite shield (worn)
Jewellery
 g - an amulet of the acrobat (around neck)
Wands
 h - a wand of acid (12)
Scrolls
 f - 3 scrolls of teleportation
 i - a scroll of torment
 j - a scroll of identify
Potions
 d - a potion of might
 e - a potion of lignification {unknown}
 n - a potion of curing {unknown}


   Skills:
 + Level 2.8 Fighting
 + Level 2.3 Maces & Flails
 + Level 3.0 Dodging
 + Level 0.2 Stealth
 + Level 2.8 Shields


You had 3 spell levels left.
You didn't know any spells.
Your spell library contained the following spells:

 Spells                   Type           Power      Damage    Failure   Level
 Sandblast                Erth           0%         2d4       80%         1
 Summon Small Mammal      Summ           0%         N/A       80%         1
 Call Canine Familiar     Summ           0%         N/A       99%         3
 Summon Guardian Golem    Hex/Summ       0%         N/A       99%         3


Dungeon Overview and Level Annotations

Branches:
Dungeon (2/15)

Altars:
Cheibriados
Vehumet


Innate Abilities, Weirdness & Mutations

You are too large for most types of armour.
You have claws for hands.
Your natural rate of healing is unusually fast.
You are covered in fur. (AC +1)
You have tough skin. (AC +1)


Message History

The dart slug is severely wounded.
The dart slug bites you but does no damage.
You hit the dart slug.
The dart slug is severely wounded.
The dart slug launches a dart at you. The slug dart misses you.
You sock the dart slug!
You kill the dart slug!
Found 12 gold pieces.
You now have 129 gold pieces (gained 12).
You open the door.
A dart slug comes into view.
There is an open door here.
The dart slug completely misses you.
You hit the dart slug but do no damage.
The dart slug bites you but does no damage.
You thump the dart slug!
You kill the dart slug!
You have reached level 4!
You open the door.
Found a faded altar of an unknown god.
There is an open door here.
There is a faded altar of an unknown god here.
You cannot tell which god this altar belongs to.
Convert to them anyway?
Vehumet accepts your prayer! Vehumet welcomes you!
You can now gain magical power from killing.
Vehumet offers you knowledge of Sandblast.
As you read the scroll labelled RIULIDE AXAK, it crumbles to dust.
You feel strangely unstable.
It was a scroll of teleportation.
As you read the scroll labelled YXUHEODE BURGH, it crumbles to dust.
You feel aware of your surroundings.
It was a scroll of magic mapping.
As you read the scroll labelled LIYTUH DOAPUOH, it crumbles to dust.
Magic quickly surges around you.
It was a scroll of vulnerability.
As you read the scroll labelled ETWAILL OVAIRO, it crumbles to dust.
It is a scroll of enchant armour.
Really abort (and waste the scroll)?
Okay, then.
Your surroundings suddenly seem different.
Are you sure you want to abandon this character and quit the game? (Confirm with "yes".)

****** ,,,,,*
,***,* ####### ,*
*,* ######.....# ,*
*,* #..........# ,*
#.* #.*#.......# **
#.###.##.#...@.#
#........#.....#
###.......###.##.#
#.........###.##.#
*#.#...........##.#
,..........######.#
,..........# #.#
.._........# #.#
...........# #.#


There were no monsters in sight!

Vanquished Creatures
  3 dart slugs
  5 bats
  4 endoplasms (D:1)
  3 giant cockroaches
  9 goblins
  6 hobgoblins
  12 jackals
  2 ball pythons
  A frilled lizard (D:1)
  5 kobolds (D:1)
  2 rats
52 creatures vanquished.

Notes
Turn   | Place    | Note
-------+----------+-------------------------------------------
     0 | D:1      | Jortsu the Troll Fighter began the quest for the Orb.
     0 | D:1      | Reached XP level 1. HP: 22/22 MP: 0/0
    75 | D:1      | Reached XP level 2. HP: 29/29 MP: 1/1
   459 | D:1      | Reached XP level 3. HP: 34/36 MP: 2/2
   988 | D:2      | Found a snail-covered altar of Cheibriados.
  1083 | D:2      | Reached skill level 3 in Dodging
  1245 | D:2      | Reached XP level 4. HP: 44/44 MP: 3/3
  1247 | D:2      | Found a faded altar of an unknown god.
  1250 | D:2      | Prayed at the altar of an unknown god.
  1250 | D:2      | Became a worshipper of Vehumet
  1250 | D:2      | Reached * piety under Vehumet
  1250 | D:2      | Offered knowledge of Sandblast by Vehumet.
  1255 | D:2      | Quit the game

Illustrated notes

Levels and vault maps discovered:
D:1:      minmay_arrival_diagonal_passages, layout_loops_cross,
          minmay_small_reverse_x
D:2:      layout_loops_cross, hellmonk_ecumenical_altar_inner_sanctum,
          basic_altar

Skill      XL: |  1  2  3 |
---------------+----------+-----
Maces & Flails | 2 |  2.3
Dodging        | 3 |  3.0
Fighting       | |  2.8
Stealth        | |  0.2
Shields        | |  2.8

Action                   |  1- 3 |  4- 6 || total
-------------------------+-------+-------++-------
Melee: Flail             |   158 |       ||   158
  Use: Scroll            |     2 |     4 ||     6
Armor: Robe              |   100 |       ||   100
Dodge: Dodged            |   105 |       ||   105
Block: Kite shield       |    91 |       ||    91

Table legend: (Time is in decaauts)
 A = Elapsed time spent in this place.
 B = Non-inter-level travel time spent in this place.
 C = Inter-level travel time spent in this place.
 D = Time resting spent in this place.
 E = Time spent auto-exploring this place.
 F = Levels seen in this place.
 G = Mean time per level.
                   A        B        C        D        E       F      G
               +--------+--------+--------+--------+--------+-----+--------+
         Total |   1323 |   1285 |     38 |      0 |    803 |   2 |  661.5 |
       Dungeon |   1323 |   1285 |     38 |      0 |    803 |   2 |  661.5 |
               +--------+--------+--------+--------+--------+-----+--------+

Top non-repeatable levels by time:
     D:1: 841 daAuts
     D:2: 482 daAuts
